 Dungeon Crawl Stone Soup version 0.31.0-4-g52a2dc7128 (webtiles) character file.

Game seed: 15334911461324708850

763 hawla the Scratcher (level 7, -3/35 HPs)
             Began as a Felid Shapeshifter on Jan 21, 2024.
             Slain by a gnoll bouda
             ... wielding a +0 club
              (7 damage)
             ... on level 4 of the Dungeon on Jan 22, 2024.
             The game lasted 00:11:21 (3638 turns).

hawla the Scratcher (Felid Shapeshifter)            Turns: 3638, Time: 00:11:22

Health: -3/35      AC:  2    Str: 12    XL:     7   Next: 51%
Magic:  9/9        EV: 17    Int: 13    God:
Gold:   222        SH:  0    Dex: 16    Spells: 8/8 levels left
                                        Lives:  0   Deaths: 3

rFire   . .          .
                       - Unarmed
rCold   . . .        (shield unavailable)
rNeg    . . .        (body armour unavailable)
rPois   .            (helmet unavailable)
rElec   .            (cloak unavailable)
rCorr   .            (gloves unavailable)
SInv    +            (boots unavailable)
Will    +....        (no amulet)
Stlth   ++           (no ring)
HPRegen 0.25/turn    (no ring)
MPRegen 0.11/turn

%: no passive effects
@: beast-form, weakened
A: beast (slay +2), very small, claws 1, fangs 3, see invisible, shaggy fur 2,
stealthy paws, no weapons or thrown items, no armour, multi-lived
a: Begin Untransformation


You were on level 4 of the Dungeon.
You were a hulking beast.
You visited 1 branch of the dungeon, and saw 5 of its levels.

You collected 248 gold pieces.
You spent 26 gold pieces at shops.

Inventory:

Jewellery
 q - a ring of protection from cold
Talismans
 b - a beast talisman
 c - a flux talisman
Wands
 u - a wand of quicksilver (5)
Scrolls
 d - a scroll of blinking {unknown}
 e - a scroll of immolation
 k - a scroll of revelation
 l - a scroll of enchant weapon {unknown}
 m - a scroll of vulnerability {unknown}
 n - a scroll of fog {unknown}
 p - a scroll of poison {unknown}
 s - 5 scrolls of teleportation {unknown}
 t - a scroll of summoning {unknown}
 v - 2 scrolls of identify
Potions
 a - 3 potions of lignification
 f - 3 potions of brilliance {unknown}
 g - a potion of degeneration {unknown}
 h - a potion of attraction
 i - 2 potions of curing
 j - 2 potions of magic
 o - a potion of heal wounds
 r - a potion of enlightenment {unknown}


   Skills:
 - Level 2.0 Fighting
 - Level 3.0 Dodging
 - Level 1.0 Stealth
 + Level 6.4 Unarmed Combat
 - Level 1.0 Spellcasting
 - Level 1.0 Evocations
 + Level 5.2 Shapeshifting


You had 8 spell levels left.
You didn't know any spells.
Your spell library was empty.

Dungeon Overview and Level Annotations

Branches:
Dungeon (5/15)
 Temple: D:4-7

Altars:

Shops:
D:2 *:(


Innate Abilities, Weirdness & Mutations

You are a hulking beast.
Your limbs bulge with bestial killing power. (Slay +2)
You have sharp claws.
You have razor-sharp teeth.
You have supernaturally acute eyesight. (SInv)
You are covered in thick fur. (AC +2)
Your paws help you pounce on unaware monsters.
You are incapable of wielding weapons or throwing items.
You cannot wear armour.
You gain extra lives every three experience levels.


Message History

You kill the kobold!
A gnoll comes into view. It is wielding a +0 spear.
The gnoll misses you.
Things that are here:
a +0 short sword; 4 poisoned darts; a kobold corpse You barely miss the gnoll.
The gnoll hits you with a +0 halberd!
You closely miss the gnoll. The gnoll misses you.
You scratch the gnoll.
The gnoll is lightly wounded.
The gnoll misses you.
The gnoll bouda barks out a call to the hunt!
The gnolls pick up the pace!
You scratch the gnoll.
The gnoll is heavily wounded.
The gnoll completely misses you.
You claw the gnoll!
You kill the gnoll!
The gnoll hits you from afar with a +0 spear!
You scratch the gnoll bouda but do no damage.
The gnoll bouda closely misses you.
The gnoll hits you from afar with a +0 spear.
You are too injured to fight recklessly!
You are too injured to fight recklessly!
You are too injured to fight recklessly!
The gnoll bouda gazes fiercely through you!
You feel your attacks grow feeble. The gnoll bouda barely misses you.
The gnoll closely misses you.
The gnoll bouda attacks as it pursues you!
The gnoll bouda hits you with a +0 club.
The gnoll barely misses you. The gnoll attacks as it pursues you!
The gnoll barely misses you.
You barely miss the gnoll bouda.
The gnoll hits you from afar with a +0 spear.
The gnoll bouda hits you with a +0 club!
* * * LOW HITPOINT WARNING * * *
You scratch the gnoll bouda but do no damage.
The gnoll hits you from afar with a +0 spear.
* * * LOW HITPOINT WARNING * * *
The gnoll bouda hits you with a +0 club!
You die...

### .## .... .. .... ... #
...... #<. ........ #..##
#........# ...## ..........#
...# ..........)###..###
...........)...##.#########
.........#.#..ggh.........##
....... #####.##..####.#..#
..... #.##........#.# #....
#.##...P.PP...# ....
#.....P.P..P..# #.
##...P.....P.## ...
#.........P.# ...#
##..P......P.## ..
#.............P.P...#


You could see a gnoll bouda and a gnoll (swift).

Vanquished Creatures
  A water moccasin (D:5)
  An ogre (D:4)
  Blork the orc (D:4)
  The ghost of Hsik the Trooper, a weakling HOFi (D:3)
  A jelly (D:5)
  A centaur skeleton (D:5)
  An orc priest (D:3)
  A gnoll bouda (D:5)
  2 hounds
  Natasha (D:3)
  2 orc wizards (D:3)
  9 gnolls
  5 adders
  A shadow imp (D:5)
  2 ribbon worms (D:2)
  3 dart slugs
  14 orcs
  6 bats
  3 endoplasms (D:1)
  2 giant cockroaches
  6 goblins
  6 hobgoblins
  6 kobolds
  A quokka (D:1)
  3 ball pythons
  3 frilled lizards (D:1)
  4 rats (D:1)
87 creatures vanquished.

Notes
Turn   | Place    | Note
-------+----------+-------------------------------------------
     0 | D:1      | hawla the Felid Shapeshifter began the quest for the Orb.
     0 | D:1      | Reached XP level 1. HP: 10/10 MP: 2/2
    60 | D:1      | Reached XP level 2. HP: 14/14 MP: 3/3
    65 | D:1      | Reached skill level 1 in Stealth
   454 | D:1      | Reached XP level 3. HP: 16/18 MP: 5/5
   531 | D:1      | Reached skill level 1 in Spellcasting
   594 | D:2      | Found Xufosm's Assorted Antiques.
   597 | D:2      | Bought a scroll labelled KEJOOM BECKU for 26 gold pieces
  1019 | D:2      | Found Eseoj's Book Shop.
  1032 | D:2      | Found Leurph's Weapon Shoppe.
  1280 | D:2      | Reached XP level 4. HP: 23/23 MP: 6/6
  1280 | D:2      | Gained a life (2 lives remaining)
  1560 | D:3      | Reached skill level 4 in Unarmed Combat
  1665 | D:3      | Found a runed translucent gate.
  1665 | D:3      | Noticed Hsik's ghost (weakling HOFi)
  1672 | D:3      | Found a runed translucent gate.
  1897 | D:3      | Reached XP level 5. HP: 13/26 MP: 7/7
  2064 | D:3      | Noticed Natasha
  2068 | D:3      | Killed Natasha
  2208 | D:3      | Found a runed translucent gate.
  2457 | D:3      | Slain by Hsik's ghost
  2457 | D:3      | Lost a life (1 life remaining)
  2592 | D:3      | Slain by Hsik's ghost
  2592 | D:3      | Lost a life (0 lives remaining)
  2679 | D:3      | Killed Hsik's ghost
  2680 | D:3      | Reached skill level 5 in Unarmed Combat
  2839 | D:4      | Gained mutation: You are covered in thick fur. (AC +2)
                  | [Felid growth]
  2839 | D:4      | Reached XP level 6. HP: 13/30 MP: 8/8
  2923 | D:4      | Noticed Blork the orc
  2927 | D:4      | Killed Blork the orc
  3096 | D:5      | Entered Level 5 of the Dungeon
  3243 | D:5      | Reached skill level 1 in Evocations
  3278 | D:5      | Noticed a water moccasin
  3284 | D:5      | Killed a water moccasin
  3285 | D:5      | Reached skill level 6 in Unarmed Combat
  3285 | D:5      | Reached XP level 7. HP: 18/35 MP: 9/9
  3285 | D:5      | Gained a life (1 life remaining)
  3450 | D:5      | Reached skill level 5 in Shapeshifting
  3451 | D:5      | Mangled by a black bear
  3451 | D:5      | Lost a life (0 lives remaining)
  3638 | D:4      | Slain by a gnoll bouda

Illustrated notes

Levels and vault maps discovered:
D:1:      dpeg_arrival_morbid_curiosity, layout_rooms, dk_noncrumbling_3
D:2:      layout_basic, serial_shops, shop, nicolae_shop_peninsula, shop,
          minmay_misc_feat_x, nicolae_the_louvre
D:3:      layout_basic, biasface_ghost_orc_armoury,
          corexii_item_surrounded_by_moat, uniq_natasha
D:4:      layout_cave_pools, nicolae_grassy_gnolls, uniq_blork_the_orc
D:5:      layout_loops_corners, grunt_dithmenos_shadows, serial_undead,
          serial_undead_f, serial_undead_e, serial_undead_f, serial_undead_c

Skill      XL: |  1  2  3  4  5  6  7 |
---------------+----------------------+-----
Stealth        | 1 |  1.0
Dodging        | 3 |  3.0
Spellcasting   | 1 |  1.0
Shapeshifting  | 3 4 5 |  5.2
Fighting       | 2 |  2.0
Unarmed Combat | 4 5 6 |  6.4
Evocations     | 1 |  1.0

Action                     |  1- 3 |  4- 6 |  7- 9 || total
---------------------------+-------+-------+-------++-------
  Melee: Unarmed           |    94 |   134 |    36 ||   264
         Bite              |     8 |    17 |     5 ||    30
         Punch             |     2 |     4 |     3 ||     9
  Evoke: Wand              |       |     5 |     1 ||     6
    Use: Scroll            |       |     5 |     2 ||     7
         Potion            |       |     1 |       ||     1
   Stab: Sleeping          |     2 |     4 |       ||     6
 Armour: Skin              |    24 |    57 |    27 ||   108
  Dodge: Dodged            |    82 |   100 |    47 ||   229
